 Dungeon Crawl Stone Soup version 0.20-a0-17-g69bea3c (webtiles) character file.

123 KristoblXynda the Twirler (level 4, -3/36 HPs)
             Began as a Draconian Gladiator on Nov 5, 2016.
             Slain by Natasha (4 damage)
             ... on level 2 of the Dungeon.
             The game lasted 00:02:13 (1377 turns).

KristoblXynda the Twirler (Draconian Gladiator)     Turns: 1377, Time: 00:02:14

Health: -3/36      AC:  7    Str: 17    XL:     4   Next: 79%
Magic:  4/4        EV: 13    Int:  9    God:
Gold:   26         SH:  0    Dex: 12    Spells: 0 memorised, 3 levels left

rFire  . . .     SeeInvis .     a - +0 quarterstaff
rCold  . . .     Gourm    .     (armour unavailable)
rNeg   . . .     Faith    .     (shield currently unavailable)
rPois  .         Spirit   .     b - +0 hat
rElec  .         Reflect  .     e - +0 cloak
rCorr  .         Harm     .     r - +0 pair of gloves
MR     .....                    (no boots)
Stlth  +.........               (no amulet)
                                (no ring)
                                (no ring)

@: invisible
A: unfitting armour, cold-blooded, AC +5
a: no special abilities


You were on level 2 of the Dungeon.
You were not hungry.

You visited 1 branch of the dungeon, and saw 2 of its levels.

You collected 26 gold pieces.

Inventory:

Hand Weapons
 a - a +0 quarterstaff (weapon)
Missiles
 c - 3 throwing nets (quivered)
Armour
 b - a +0 hat (worn)
 e - a +0 cloak (worn)
 f - a +0 buckler
 r - a +0 pair of gloves (worn)
Jewellery
 o - an uncursed amulet of harm {unknown}
Scrolls
 h - a scroll of recharging {unknown}
 i - a scroll of immolation {unknown}
 j - a scroll of teleportation {unknown}
 k - 2 scrolls of remove curse {unknown}
 l - a scroll of enchant weapon {unknown}
 p - a scroll of blinking {unknown}
 q - a scroll of random uselessness {unknown}
 u - a scroll of noise {unknown}
 v - a scroll of identify {unknown}
Potions
 g - a potion of invisibility
 m - a potion of mutation {unknown}
 s - a potion of ambrosia {unknown}
 t - a potion of flight {unknown}
Comestibles
 d - 2 bread rations
 n - a meat ration


   Skills:
 - Level 2.1 Fighting
 + Level 4.1 Staves
 + Level 2.9 Throwing
 + Level 3.6 Dodging


You had 3 spell levels left.
You didn't know any spells.

Dungeon Overview and Level Annotations

Branches:
Dungeon (2/15)

Altars:

Annotations:
D:2 1 runed door, Natasha


Innate Abilities, Weirdness & Mutations

Your plain brown scales are hard. (AC +5)
You cannot fit into any form of body armour.
You are cold-blooded and may be slowed by cold attacks.


Message History

Natasha claws you!
* * * LOW HITPOINT WARNING * * *
The crimson imp hits you but does no damage.
You closely miss Natasha.
Natasha is severely wounded.
The iron imp disappears in a puff of smoke!
Natasha misses you. The crimson imp hits you.
* * * LOW HITPOINT WARNING * * *
Natasha barely misses you.
Unknown command.
You barely miss Natasha.
Your tail-slap misses Natasha.
Natasha is severely wounded.
Natasha claws you.
* * * LOW HITPOINT WARNING * * *
The crimson imp hits you but does no damage.
It was a potion of invisibility.
You fade into invisibility!
The crimson imp disappears in a puff of smoke!
Natasha claws you.
You die...

####.....# #..# #........#
##.## #.##.>..>## #..#
#.######..# ######.## ..#
##.### #...##..#
..#######...#######...###.#
......................#
#.##
.##.#######.#######...#
#†.# .##)..# #.###.@h5.§.#
##.## #####.# #.÷..§###...#
#..# #.# ###.÷..###### ##.#
#.# #####.##.# #.###
#.###.....##÷# #...#
#.....######.# ###.#
####.## #.### #.##
#######..## #...#### #..##
..(.......# ###.÷÷.# ##..#


You could see Natasha and a shadow imp.

Vanquished Creatures
  Natasha (twice) (D:2)
  4 adders (D:2)
  A dart slug (D:1)
  A leopard gecko (D:1)
  5 bats
  4 giant cockroaches
  5 hobgoblins
  2 jackals (D:2)
  4 frilled lizards
  7 kobolds
  2 rats
37 creatures vanquished.

Notes
Turn   | Place    | Note
-------+----------+-------------------------------------------
     0 | D:1      | KristoblXynda the Draconian Gladiator began the quest for the Orb.
     0 | D:1      | Reached XP level 1. HP: 17/17 MP: 1/1
   193 | D:1      | Reached XP level 2. HP: 18/24 MP: 2/2
  1013 | D:2      | Reached XP level 3. HP: 29/29 MP: 3/3
  1131 | D:2      | Noticed Natasha
  1137 | D:2      | Killed Natasha
  1151 | D:2      | Reached XP level 4. HP: 33/36 MP: 4/4
  1213 | D:2      | Found a faded altar of an unknown god.
  1222 | D:2      | Reached skill level 4 in Staves
  1296 | D:2      | Found a runed door.
  1334 | D:2      | Noticed Natasha
  1341 | D:2      | Killed Natasha
  1354 | D:2      | Noticed Natasha
  1376 | D:2      | HP: 1/36 [Natasha (1)]
  1377 | D:2      | Slain by Natasha

Vault maps used:
D:1:      scummos_arrival_hexagon, minmay_misc_feat_pillars
D:2:      ecumenical_altar_2, uniq_natasha, uniq_crazy_yiuf_cottage

Skill      XL: |  1  2  3  4 |
---------------+-------------+-----
Dodging        | 3 |  3.6
Throwing       | 2 |  2.9
Staves         | 4 |  4.1
Fighting       | |  2.1

Action                   |  1- 3 |  4- 6 || total
-------------------------+-------+-------++-------
Melee: Quarterstaff      |    71 |    35 ||   106
       Tailslap          |     8 |     4 ||    12
  Use: Potion            |       |     1 ||     1
 Stab: Sleeping          |     2 |       ||     2
  Eat: Beef jerky        |     1 |       ||     1
Armor: Skin              |    32 |     8 ||    40
Dodge: Dodged            |    44 |    30 ||    74
